 Dungeon Crawl Stone Soup version 0.28.0-45-g0d030f2227 (webtiles) character file.

Game seed: 15724307078149987262

51 psko the Magician (level 4, -1/31 HPs)
             Began as a Djinni Ice Elementalist on Apr 2, 2022.
             Slain by a gnoll
             ... wielding a +0 whip
              (6 damage)
             ... on level 3 of the Dungeon.
             The game lasted 00:12:12 (984 turns).

psko the Magician (Djinni Ice Elementalist)          Turns: 984, Time: 00:12:12

Health: -1/31      AC:  3    Str:  7    XL:     4   Next: 5%
Gold:   23         EV: 11    Int: 19    God:
                   SH:  0    Dex: 13

rFire   + + .      SeeInvis .   e - +0 mace
rCold   x . .      Faith    .   (no shield)
rNeg    . . .      Spirit   .   f - +0 leather armour
rPois   ∞          Reflect  .   (no helmet)
rElec   .          Harm     .   (no cloak)
rCorr   .          Rampage  .   (no gloves)
Will    .....                   (boots unavailable)
Stlth   ++........              (no amulet)
HPRegen 0.10/turn               (no ring)
MPRegen 0.00/turn               (no ring)

@: flying
A: sickness immunity, fire resistance 2, cold vulnerability 1, float, innate
caster, HP casting, extra vitality 1
a: no special abilities


You were on level 3 of the Dungeon.
You visited 1 branch of the dungeon, and saw 4 of its levels.

You collected 23 gold pieces.

Inventory:

Hand Weapons
 c - a +0 club
 d - a +0 dagger
 e - a +0 mace (weapon)
 h - a +0 club
 i - a +0 short sword
 j - a +0 mace
 l - a +0 whip
 m - a +0 short sword
Missiles
 b - 4 boomerangs
 g - 13 stones
Armour
 a - a +0 robe
 f - a +0 leather armour (worn)
Scrolls
 k - a scroll of enchant armour {unknown}


   Skills:
 + Level 2.5 Dodging
 + Level 1.9 Stealth
 + Level 4.0 Spellcasting


You couldn't memorise any spells.
You knew the following spells:

 Your Spells              Type           Power      Damage    Failure   Level
a - Freeze                Ice            76%        1d9       4%          1
b - Frozen Ramparts       Ice            38%        1d5       12%         3
c - Ozocubu's Armour      Ice            19%        N/A       12%         3
d - Hailstorm             Conj/Ice       19%        3d6       36%         4
e - Summon Small Mammal   Summ           76%        N/A       4%          1
Your spell library was empty.

Dungeon Overview and Level Annotations

Branches:
Dungeon (4/15)
 Temple: D:4-7

Altars:


Innate Abilities, Weirdness & Mutations

You are immune to sickness and miasma.
You are immune to poison.
Your flesh is very heat resistant. (rF++)
You are vulnerable to cold. (rC-)
You float through the air rather than walking.
You learn spells naturally, not from books.
Your magical power is your life essence.
You have superior vitality. (+4 MHP)


Message History

A goblin comes into view. It is wielding a +0 dagger.
The ball python hisses angrily.
The goblin shouts!
Found a scroll labelled IHIVIEJAOPT.
Found a stone staircase leading down.
You see here 12 gold pieces.
Found 15 gold pieces.
Found a scroll labelled QYNKAESKOA.
The endoplasm quivers.
Found 23 sling bullets.
The endoplasm freezes you.
You are frozen.
You feel a terrible chill! The goblin hits you with a +0 dagger.
There is a stone staircase leading down here.
The goblin misses you. The ball python bites you. The ball python grabs you.
You stop descending the stairs.
The ball python constricts you.
Unknown command.
Okay, then.
You escape the ball python's grasp.
The goblin barely misses you.
The ball python bites you but does no damage.
The ball python closely misses you.
You fly downwards.
The orc shouts!
There is a stone staircase leading up here.
The orc shouts!
The gnoll barely misses you. The goblin barely misses you.
The ball python closely misses you. The ball python grabs you.
You stop ascending the stairs.
The ball python constricts you.
The ball python's grasp on you weakens, but your attempt to escape fails.
The ball python bites you but does no damage.
The ball python constricts you. The goblin hits you with a +0 dagger.
The gnoll hits you with a +0 club.
* * * LOW HITPOINT WARNING * * *
The ball python bites you but does no damage.
The ball python constricts you.
* * * LOW HITPOINT WARNING * * *
Unknown command.
You escape the ball python's grasp.
The gnoll completely misses you. The goblin hits you but does no damage.
The orc closely misses you.
You fly upwards.
The gnoll closely misses you. The gnoll hits you with a +0 whip.
You die...

#######
##.....(#
##.......?#
#......$...#
#gJS.......#
#g@.?......#
#ggo.......##.
#............
##...........
##........###..
#..........#...
#.....g..[.....
#.....$.......
#...........##


You could see 4 gnolls, an orc, an endoplasm, a goblin and a ball python.

Vanquished Creatures
  3 adders
  A dart slug (D:2)
  4 bats
  An endoplasm (D:1)
  2 goblins
  3 ball pythons
  2 kobolds
16 creatures vanquished.

Vanquished Creatures (collateral kills)
  An orc (D:2)
  An endoplasm (D:2)
  A hobgoblin (D:2)
  2 kobolds (D:2)
5 creatures vanquished.

Grand Total: 21 creatures vanquished

Notes
Turn   | Place    | Note
-------+----------+-------------------------------------------
     0 | D:1      | psko the Djinni Ice Elementalist began the quest for the
                  | Orb.
     0 | D:1      | Reached XP level 1. HP: 15/15 MP: 0/0
   320 | D:1      | Reached XP level 2. HP: 16/21 MP: 0/0
   499 | D:2      | Reached XP level 3. HP: 12/25 MP: 0/0
   499 | D:2      | Learned a level 1 spell: Summon Small Mammal
   767 | D:2      | Reached skill level 4 in Spellcasting
   942 | D:3      | Reached XP level 4. HP: 23/31 MP: 0/0
   984 | D:3      | Slain by a gnoll

Illustrated notes

Levels and vault maps discovered:
D:1:      tarquinn_simple_flora_water_c, layout_loops_ring
D:2:      layout_basic, basic_altar, minmay_3d_cube
D:3:      layout_rooms, mainiacjoe_overflow_divided_tiny,
          ebering_ecumenical_altar_hall, uniq_terence, uniq_crazy_yiuf_cottage
D:4:      layout_loops_corners, minmay_temple_entry_mini_moons,
          gammafunk_ghost_cemetery, grunt_decor_fettered

Skill      XL: |  1  2  3 |
---------------+----------+-----
Spellcasting   | 4 |  4.0
Dodging        | |  2.5
Stealth        | |  1.9

Action                   |  1- 3 |  4- 6 || total
-------------------------+-------+-------++-------
 Cast: Freeze            |    28 |     2 ||    30
       Summon Small Mamm |    14 |     4 ||    18
Armor: Robe              |     3 |       ||     3
       Leather armour    |     7 |     4 ||    11
Dodge: Dodged            |    17 |    12 ||    29
